Construct Infanterie Kompanie
Selects Luftwaffe Battlegroup
Selects Luftwaffe Pioneer Support
Fallschirmpioneer Squad Paradrop
Fallschirmpioneer Squad Paradrop
Selects Reconnaissance Run
Construct Luftwaffe Kompanie
Selects Fallschirmjäger Squad Paradrop
Flak 30 Anti-aircraft Gun Team
Selects LG40 Recoilless Gun Paradrop
Fallschirmjäger Squad Paradrop
Marder III M Tank Destroyer
Construct Panzer Kompanie
Selects Infantry Reserves
Fallschirmjäger Squad Paradrop